| TOP OF THE 1ST |
|
Binghamton Mets batting - Pitching for Kane County Cougars : RHP Eric Richards
|
|
Pitching: RHP Eric Richards
|
|
|
Batting: LHB Jose Chavez
|
0-0: Ball 1-0: Foul Ball, location: 2F 1-1: Swinging Strike 1-2: Strikes out swinging
|
|
Batting: RHB Steve Dunaway
|
0-0: Fly out, F7 (Flyball, 78M, EV 88.8 MPH)
|
|
Batting: RHB Andy Solorzano
|
0-0: Ball 1-0: Ball 2-0: Ball 3-0: Base on Balls
|
|
Batting: LHB Willie Cintron
|
0-0: Ball 1-0: Fly out, F6 (Flyball, 56D, EV 81.3 MPH)
|
| Top of the 1st over - 0 runs, 0 hits, 0 errors, 1 left on base; Binghamton 0 - Kane County 0 |
| BOTTOM OF THE 1ST |
|
Kane County Cougars batting - Pitching for Binghamton Mets : LHP Andy Shearn
|
|
Pitching: LHP Andy Shearn
|
|
|
Batting: LHB Willie Gutierrez
|
0-0: Called Strike 0-1: Ball 1-1: Foul Ball, location: 2F 1-2: Strikes out swinging
|
|
Batting: RHB Franklin Villanueva
|
0-0: Called Strike 0-1: Ball 1-1: Called Strike 1-2: SINGLE (Groundball, 6D, EV 98.8 MPH)
|
|
Batting: RHB Dave Vargas
|
0-0: Ball 1-0: Ball 2-0: Foul Ball, location: 2F 2-1: Swinging Strike 2-2: Ball 3-2: Fly out, F9 (Flyball, 89XD, EV 85.6 MPH)
|
|
Batting: RHB Matt Maxwell
|
0-0: Called Strike 0-1: Ball 1-1: Foul Ball, location: 2F 1-2: Ball 2-2: Foul Ball, location: 2F 2-2: Foul Ball, location: 2F 2-2: Strikes out swinging
|
| Bottom of the 1st over - 0 runs, 1 hit, 0 errors, 1 left on base; Binghamton 0 - Kane County 0 |
| TOP OF THE 2ND |
|
Binghamton Mets batting - Pitching for Kane County Cougars : RHP Eric Richards
|
|
Batting: RHB Chris Nelson
|
0-0: Ball 1-0: Foul Ball, location: 2F 1-1: Foul Ball, location: 2F 1-2: Ball 2-2: Foul Ball, location: 2F 2-2: Ground out 4-3 (Groundball, 4, EV 83.8 MPH)
|
|
Batting: RHB Joe Kooyers
|
0-0: Swinging Strike 0-1: Ball 1-1: Foul Ball, location: 2F 1-2: Strikes out looking
|
|
Batting: RHB Matt Skipper
|
0-0: Ground out 5-3 (Groundball, 56, EV 88.8 MPH)
|
| Top of the 2nd over - 0 runs, 0 hits, 0 errors, 0 left on base; Binghamton 0 - Kane County 0 |
| BOTTOM OF THE 2ND |
|
Kane County Cougars batting - Pitching for Binghamton Mets : LHP Andy Shearn
|
|
Batting: RHB John Pena
|
0-0: Ball 1-0: Swinging Strike 1-1: Foul Ball, location: 2F 1-2: Foul Ball, location: 2F 1-2: Ground out 4-3 (Groundball, 4, EV 108.8 MPH)
|
|
Batting: RHB Marlon Reda
|
0-0: Ball 1-0: Ball 2-0: Ball 3-0: Base on Balls
|
|
Batting: RHB Curt Barrett
|
0-0: Ball 1-0: Fly out, F8 (Flyball, 8LD, EV 91.9 MPH)
|
|
Batting: LHB T.J. Duvall
|
0-0: Ball 1-0: Ball 2-0: Ball 3-0: Called Strike 3-1: Fly out, F9 (Flyball, 89S, EV 98.8 MPH)
|
| Bottom of the 2nd over - 0 runs, 0 hits, 0 errors, 1 left on base; Binghamton 0 - Kane County 0 |
| TOP OF THE 3RD |
|
Binghamton Mets batting - Pitching for Kane County Cougars : RHP Eric Richards
|
|
Batting: LHB Elmo Dreier
|
0-0: Called Strike 0-1: SINGLE (Line Drive, 8RS, EV 96.9 MPH)
|
|
Batting: RHB Jake Hansford
|
0-0: Called Strike 0-1: Ball 1-1: Ball 2-1: Called Strike 2-2: Foul Ball, location: 2F 2-2: Ball 3-2: Strikes out looking
|
|
Batting: LHB Jose Chavez
|
0-0: Called Strike Elmo Dreier steals 2nd base 0-1: Ball 1-1: Ground out U3 (Groundball, 13, EV 85.0 MPH) Elmo Dreier to third
|
|
Batting: RHB Steve Dunaway
|
0-0: Ball 1-0: Ball 2-0: SINGLE (Groundball, 56D, EV 96.9 MPH) Elmo Dreier scores
|
|
Batting: RHB Andy Solorzano
|
0-0: Foul Ball, location: 2F 0-1: Ball 1-1: Foul Ball, location: 2F 1-2: Ball 2-2: Foul Ball, location: 2F 2-2: Fly out, F8 (Line Drive, 8LD, EV 91.9 MPH)
|
| Top of the 3rd over - 1 run, 2 hits, 0 errors, 1 left on base; Binghamton 1 - Kane County 0 |
| BOTTOM OF THE 3RD |
|
Kane County Cougars batting - Pitching for Binghamton Mets : LHP Andy Shearn
|
|
Batting: LHB Brian Nielsen
|
0-0: Foul Ball, location: 2F 0-1: Swinging Strike 0-2: Fly out, F6 (Flyball, 56D, EV 89.4 MPH)
|
|
Batting: LHB Willie Gutierrez
|
0-0: Called Strike 0-1: Ball 1-1: Swinging Strike 1-2: Ball 2-2: Strikes out swinging
|
|
Batting: RHB Franklin Villanueva
|
0-0: Ball 1-0: Swinging Strike 1-1: Called Strike 1-2: Foul Ball, location: 2F 1-2: Foul Ball, location: 2F 1-2: Strikes out swinging
|
| Bottom of the 3rd over - 0 runs, 0 hits, 0 errors, 0 left on base; Binghamton 1 - Kane County 0 |
| TOP OF THE 4TH |
|
Binghamton Mets batting - Pitching for Kane County Cougars : RHP Eric Richards
|
|
Batting: LHB Willie Cintron
|
0-0: Ball 1-0: Ball 2-0: Called Strike 2-1: Foul Ball, location: 2F 2-2: Foul Ball, location: 2F 2-2: Ball 3-2: Base on Balls
|
|
Batting: RHB Chris Nelson
|
0-0: Ball 1-0: Foul Ball, location: 2F 1-1: Foul Ball, location: 2F 1-2: Foul Ball, location: 2F 1-2: 2-RUN HOME RUN (Flyball, 7D, EV 101.9 MPH), Distance : 388 ft
|
|
Batting: RHB Joe Kooyers
|
0-0: Ball 1-0: Called Strike 1-1: Ball 2-1: Fly out, F4 (Popup, 3D, EV 54.4 MPH)
|
|
Batting: RHB Matt Skipper
|
0-0: Called Strike 0-1: Foul Ball, location: 2F 0-2: Ball 1-2: Ball 2-2: Ground out 5-3 (Groundball, 56S, EV 73.1 MPH)
|
|
Batting: LHB Elmo Dreier
|
0-0: Ground out 1-3 (Groundball, 25, EV 68.1 MPH)
|
| Top of the 4th over - 2 runs, 1 hit, 0 errors, 0 left on base; Binghamton 3 - Kane County 0 |
| BOTTOM OF THE 4TH |
|
Kane County Cougars batting - Pitching for Binghamton Mets : LHP Andy Shearn
|
|
Batting: RHB Dave Vargas
|
0-0: Called Strike 0-1: SINGLE (Groundball, 4MD, EV 100.0 MPH)
|
|
Batting: RHB Matt Maxwell
|
0-0: Called Strike Dave Vargas is caught stealing 2nd base 2-4 0-1: Swinging Strike 0-2: Ball 1-2: Ball 2-2: Ball 3-2: SINGLE (Groundball, 4MD, EV 97.5 MPH)
|
|
Batting: RHB John Pena
|
0-0: Ball 1-0: Ball 2-0: Called Strike 2-1: Foul Ball, location: 2F 2-2: Foul Ball, location: 2F 2-2: Foul Ball, location: 2F 2-2: Grounds into double play, 4-6-3 (Groundball, 4, EV 85.0 MPH)
|
| Bottom of the 4th over - 0 runs, 2 hits, 0 errors, 0 left on base; Binghamton 3 - Kane County 0 |
| TOP OF THE 5TH |
|
Binghamton Mets batting - Pitching for Kane County Cougars : RHP Eric Richards
|
|
Batting: RHB Jake Hansford
|
0-0: Ground out 6-3 (Groundball, 6MD, EV 95.0 MPH)
|
|
Batting: LHB Jose Chavez
|
0-0: Ball 1-0: Fly out, F8 (Flyball, 8RM, EV 74.4 MPH)
|
|
Batting: RHB Steve Dunaway
|
0-0: Swinging Strike 0-1: Ball 1-1: Foul Ball, location: 2F 1-2: Ball 2-2: Foul Ball, location: 2F 2-2: Strikes out swinging
|
| Top of the 5th over - 0 runs, 0 hits, 0 errors, 0 left on base; Binghamton 3 - Kane County 0 |
| BOTTOM OF THE 5TH |
|
Kane County Cougars batting - Pitching for Binghamton Mets : LHP Andy Shearn
|
|
Batting: RHB Marlon Reda
|
0-0: Ball 1-0: Foul Ball, location: 2F 1-1: Foul Ball, location: 2F 1-2: Ball 2-2: Fly out, F7 (Flyball, 7S, EV 81.9 MPH)
|
|
Batting: RHB Curt Barrett
|
0-0: Ball 1-0: Ball 2-0: Swinging Strike 2-1: Foul Ball, location: 2F 2-2: Ground out U3 (Groundball, 3, EV 86.3 MPH)
|
|
Batting: LHB T.J. Duvall
|
0-0: Ball 1-0: Ball 2-0: Foul Ball, location: 2F 2-1: Ground out U3 (Groundball, 34S, EV 84.4 MPH)
|
| Bottom of the 5th over - 0 runs, 0 hits, 0 errors, 0 left on base; Binghamton 3 - Kane County 0 |
| TOP OF THE 6TH |
|
Binghamton Mets batting - Pitching for Kane County Cougars : RHP Eric Richards
|
|
Batting: RHB Andy Solorzano
|
0-0: Swinging Strike 0-1: SOLO HOME RUN (Flyball, 7D, EV 101.3 MPH), Distance : 368 ft
|
|
Batting: LHB Willie Cintron
|
0-0: Ball 1-0: Foul Ball, location: 2F 1-1: Ball 2-1: Foul Ball, location: 2F 2-2: DOUBLE (Line Drive, 7LD, EV 106.3 MPH)
|
|
Batting: RHB Chris Nelson
|
0-0: Called Strike 0-1: Ball 1-1: Called Strike 1-2: Ground out 1-3 (Groundball, 13S, EV 66.3 MPH) Willie Cintron to third
|
|
Batting: RHB Joe Kooyers
|
0-0: Called Strike 0-1: Swinging Strike 0-2: Foul Ball, location: 2F 0-2: Ball 1-2: Strikes out looking
|
|
Pitching: RHP Nate Bixler
|
|
|
Batting: RHB Matt Skipper
|
0-0: Called Strike 0-1: Fly out, F8 (Line Drive, 8RM, EV 97.5 MPH)
|
| Top of the 6th over - 1 run, 2 hits, 0 errors, 1 left on base; Binghamton 4 - Kane County 0 |
| BOTTOM OF THE 6TH |
|
Kane County Cougars batting - Pitching for Binghamton Mets : LHP Andy Shearn
|
|
DELAY
|
Rain delay of 46 minutes in the 6th inning.
|
|
Pitching: LHP Jonathan Gendron
|
|
|
Batting: LHB Brian Nielsen
|
0-0: Ground out U3 (Groundball, 3S, EV 81.3 MPH)
|
|
Batting: LHB Willie Gutierrez
|
0-0: Ball 1-0: Swinging Strike 1-1: Ball 2-1: Foul Ball, location: 2F 2-2: Ball 3-2: Ground out 4-3 (Groundball, 4, EV 86.9 MPH)
|
|
Batting: RHB Franklin Villanueva
|
0-0: Called Strike 0-1: Swinging Strike 0-2: Strikes out swinging
|
| Bottom of the 6th over - 0 runs, 0 hits, 0 errors, 0 left on base; Binghamton 4 - Kane County 0 |
| TOP OF THE 7TH |
|
Binghamton Mets batting - Pitching for Kane County Cougars : RHP Nate Bixler
|
|
Batting: LHB Elmo Dreier
|
0-0: Ball 1-0: Called Strike 1-1: Swinging Strike 1-2: Ball 2-2: Ball 3-2: Base on Balls
|
|
Batting: RHB Jake Hansford
|
0-0: Ball Elmo Dreier steals 2nd base 1-0: Called Strike 1-1: Ball 2-1: Foul Ball, location: 2F 2-2: Ball 3-2: Foul Ball, location: 2F 3-2: Foul Ball, location: 2F 3-2: 2-RUN HOME RUN (Line Drive, 7D, EV 101.9 MPH), Distance : 374 ft
|
|
Batting: LHB Jose Chavez
|
0-0: Called Strike 0-1: Foul Ball, location: 2F 0-2: Ball 1-2: Foul Ball, location: 2F 1-2: Ball 2-2: SOLO HOME RUN (Flyball, 9LD, EV 95.6 MPH), Distance : 345 ft
|
|
Pinch Hitting: RHB Shawn Mathews
|
0-0: Called Strike 0-1: Ball 1-1: Ball 2-1: Foul Ball, location: 2F 2-2: Ground out 5-3 (Groundball, 15, EV 80.0 MPH)
|
|
Batting: RHB Andy Solorzano
|
0-0: Ball 1-0: Foul Ball, location: 2F 1-1: Ground out 6-3 (Groundball, 6M, EV 100.6 MPH)
|
|
Batting: LHB Willie Cintron
|
0-0: Ball 1-0: Ball 2-0: Called Strike 2-1: Ball 3-1: Base on Balls
|
|
Pinch Hitting: RHB Ivan Gonzales
|
0-0: Ball 1-0: Ground out 4-3 (Groundball, 4S, EV 84.4 MPH)
|
| Top of the 7th over - 3 runs, 2 hits, 0 errors, 1 left on base; Binghamton 7 - Kane County 0 |
| BOTTOM OF THE 7TH |
|
Kane County Cougars batting - Pitching for Binghamton Mets : LHP Jonathan Gendron
|
|
Now at 2B: Shawn Mathews
|
|
|
Now in LF: Ivan Gonzales
|
|
|
Pinch Hitting: RHB Mike Persinger
|
0-0: Ball 1-0: Called Strike 1-1: Called Strike 1-2: Ball 2-2: Foul Ball, location: 2F 2-2: Ball 3-2: Strikes out looking
|
|
Batting: RHB Matt Maxwell
|
0-0: Called Strike 0-1: Swinging Strike 0-2: Strikes out swinging
|
|
Batting: RHB John Pena
|
0-0: DOUBLE (Line Drive, 8LXD, EV 107.5 MPH)
|
|
Pinch Hitting: RHB Jason Rivers
|
0-0: Called Strike 0-1: Fly out, F9 (Flyball, 9LS, EV 86.9 MPH)
|
| Bottom of the 7th over - 0 runs, 1 hit, 0 errors, 1 left on base; Binghamton 7 - Kane County 0 |
| TOP OF THE 8TH |
|
Binghamton Mets batting - Pitching for Kane County Cougars : RHP Nate Bixler
|
|
Pitching: LHP Justin Martin
|
|
|
Now at SS: Jason Rivers
|
|
|
Now in LF: Mike Persinger
|
|
|
Batting: RHB Joe Kooyers
|
0-0: Called Strike 0-1: Ball 1-1: Foul Ball, location: 2F 1-2: Ball 2-2: Foul Ball, location: 2F 2-2: Strikes out looking
|
|
Batting: RHB Matt Skipper
|
0-0: Called Strike 0-1: Foul Ball, location: 2F 0-2: Strikes out swinging
|
|
Batting: LHB Elmo Dreier
|
0-0: Foul Ball, location: 2F 0-1: Ball 1-1: Ball 2-1: Fly out, F1 (Line Drive, P, EV 70.0 MPH)
|
| Top of the 8th over - 0 runs, 0 hits, 0 errors, 0 left on base; Binghamton 7 - Kane County 0 |
| BOTTOM OF THE 8TH |
|
Kane County Cougars batting - Pitching for Binghamton Mets : LHP Jonathan Gendron
|
|
Batting: RHB Curt Barrett
|
0-0: Ball 1-0: Called Strike 1-1: Called Strike 1-2: Strikes out swinging
|
|
Pinch Hitting: LHB Ron Tipton
|
0-0: Swinging Strike 0-1: Called Strike 0-2: Strikes out swinging
|
|
Batting: LHB Brian Nielsen
|
0-0: Ball 1-0: Foul Ball, location: 2F 1-1: Swinging Strike 1-2: Ball 2-2: Strikes out looking
|
| Bottom of the 8th over - 0 runs, 0 hits, 0 errors, 0 left on base; Binghamton 7 - Kane County 0 |
| TOP OF THE 9TH |
|
Binghamton Mets batting - Pitching for Kane County Cougars : LHP Justin Martin
|
|
Now at 1B: Ron Tipton
|
|
|
Batting: RHB Jake Hansford
|
0-0: Called Strike 0-1: Swinging Strike 0-2: Strikes out swinging, 2-3 out at first.
|
|
Batting: LHB Jose Chavez
|
0-0: Ball 1-0: Foul Ball, location: 2F 1-1: Ball 2-1: Ball 3-1: Base on Balls
|
|
Batting: RHB Shawn Mathews
|
0-0: Called Strike 0-1: Called Strike 0-2: Foul Ball, location: 2F 0-2: 2-RUN HOME RUN (Flyball, 78XD, EV 103.1 MPH), Distance : 404 ft
|
|
Batting: RHB Andy Solorzano
|
0-0: Fly out, F6 (Popup, 15, EV 79.4 MPH)
|
|
Batting: LHB Willie Cintron
|
0-0: Ball 1-0: DOUBLE (Groundball, 3L, EV 103.8 MPH)
|
|
Batting: RHB Ivan Gonzales
|
0-0: Called Strike 0-1: Foul Ball, location: 2F 0-2: Strikes out swinging
|
| Top of the 9th over - 2 runs, 2 hits, 0 errors, 1 left on base; Binghamton 9 - Kane County 0 |
| BOTTOM OF THE 9TH |
|
Kane County Cougars batting - Pitching for Binghamton Mets : LHP Jonathan Gendron
|
|
Batting: LHB Willie Gutierrez
|
0-0: Called Strike 0-1: Fly out, F5 (Popup, 56S, EV 73.8 MPH)
|
|
Batting: RHB Franklin Villanueva
|
0-0: Ball 1-0: Foul Ball, location: 2F 1-1: Ball 2-1: Ground out 5-3 (Groundball, 56S, EV 63.1 MPH)
|
|
Batting: RHB Mike Persinger
|
0-0: Called Strike 0-1: Called Strike 0-2: Ball 1-2: Foul Ball, location: 2F 1-2: Ball 2-2: Ball 3-2: Strikes out swinging
|
| Bottom of the 9th over - 0 runs, 0 hits, 0 errors, 0 left on base; Binghamton 9 - Kane County 0 |
|